 Dungeon Crawl Stone Soup version 0.21-a0-417-g0adc95b (webtiles) character file.

63822 ohad the Thaumaturge (level 15, 0/117 HPs)
             Began as a Gnoll Skald on Nov 2, 2017.
             Was the Champion of Okawaru.
             Slain by Agnes
             ... wielding a +1 lajatang of electrocution
              (11 damage)
             ... on level 14 of the Dungeon on Nov 3, 2017.
             The game lasted 01:11:35 (27199 turns).

ohad the Thaumaturge (Gnoll Skald)                 Turns: 27199, Time: 01:11:36

Health: 0/117      AC: 29    Str: 16    XL:     15   Next: 11%
Magic:  20/29      EV: 13    Int: 19    God:    Okawaru [******]
Gold:   1131       SH:  0    Dex: 17    Spells: 22/35 levels left

rFire    . . .     SeeInvis .   f - +10 triple sword of Xiov Geo {freeze, MR+}
rCold    . . .     Gourm    +   (shield currently unavailable)
rNeg     . . .     Faith    .   S - +3 plate armour
rPois    .         Spirit   .   r - +0 helmet
rElec    .         Reflect  .   E - +2 cloak
rCorr    .         Harm     .   P - +2 pair of gloves
MR       +++..                  a - +0 pair of boots
Stlth    +.........             y - amulet of the gourmand
HPRegen  0.29/turn              M - +2 ring of dexterity
MPRegen  0.21/turn              l - ring of protection from magic

@: heroism, infused, very slightly contaminated, drained
A: distributed training, fangs 1, strong nose
a: Heroism, Finesse, Renounce Religion


You were on level 14 of the Dungeon.
You worshipped Okawaru.
Okawaru was exalted by your worship.
You were full.

You visited 2 branches of the dungeon, and saw 20 of its levels.
You visited the Abyss 1 time.
You also visited: Sewer.

You collected 1131 gold pieces.

Inventory:

Hand Weapons
 b - the +3 fustibalus of the Illusory Lies {flame, Int+6 SInv}
   (Okawaru gifted it to you on level 1 of the Lair of Beasts)

   It causes projectiles fired from it to burn those they strike, causing extra
   injury to most foes and up to half again as much damage against particularly
   susceptible opponents.
   It affects your intelligence (+6).
   It lets you see invisible.
 f - the +10 triple sword of Xiov Geo (weapon) {freeze, MR+}
   (Okawaru gifted it to you on level 11 of the Dungeon)

   It has been specially enchanted to freeze those struck by it, causing extra
   injury to most foes and up to half again as much damage against particularly
   susceptible opponents.
   It can also slow down cold-blooded creatures.
   It affects your resistance to hostile enchantments.
 h - a +5 demon trident of flaming
 u - a +1 great sword of holy wrath
 N - a +3 scimitar of flaming
 T - the +6 glaive of Objectivity {distort, rF+ Int-2 Dex+5}
   (Okawaru gifted it to you on level 10 of the Dungeon)

   It warps and distorts space around it.
   Unwielding it can cause banishment or high damage.
   It affects your intelligence (-2).
   It affects your dexterity (+5).
   It protects you from fire.
 W - the +7 hand crossbow "Gnoll's Bane" {flame, rC+}
   (You found it on level 6 of the Lair of Beasts)

   It causes projectiles fired from it to burn those they strike, causing extra
   injury to most foes and up to half again as much damage against particularly
   susceptible opponents.
   It protects you from cold.
Missiles
 v - 101 bolts
 x - 480 arrows
 H - 144 sling bullets
 I - 6 javelins (quivered)
Armour
 a - a +0 pair of boots (worn)
 e - a +2 scale mail of cold resistance
 g - a +2 chain mail of fire resistance
 r - a +0 helmet (worn)
 E - a +2 cloak (worn)
 P - a +2 pair of gloves (worn)
 S - a +3 plate armour (worn)
 U - a +0 large shield
Jewellery
 l - a ring of protection from magic (right hand)
 y - an amulet of the gourmand (around neck)
 B - an uncursed ring of ice
 M - a +2 ring of dexterity (left hand)
Wands
 z - a wand of scattershot (9/9)
 F - a wand of digging (9/24)
 L - a wand of acid (7/15)
Scrolls
 c - 8 scrolls of identify
 i - 9 scrolls of teleportation
 j - 13 scrolls of remove curse
 s - 2 scrolls of blinking
 w - 3 scrolls of immolation
 D - 2 scrolls of fear
 G - 2 scrolls of enchant armour
 K - a scroll of holy word
 R - 4 scrolls of magic mapping
 X - 3 scrolls of fog
 Z - a scroll of enchant weapon
Potions
 k - 4 potions of haste
 n - 2 potions of lignification
 o - a potion of heal wounds
 p - 6 potions of curing
 t - 4 potions of flight
 C - 2 potions of magic
 J - 2 potions of might
 V - 4 potions of resistance
 Y - a potion of agility
Miscellaneous
 A - a fan of gales
 O - a phial of floods
Comestibles
 d - 10 bread rations
 m - 31 fruits
 q - 14 meat rations
 Q - 15 royal jellies


   Skills:
 + Level 10.6(14.7) Fighting
 + Level 9.6(13.7) Short Blades
 + Level 9.6(13.7) Long Blades
 + Level 9.6(13.7) Axes
 + Level 9.6(13.7) Maces & Flails
 + Level 10.6(14.7) Polearms
 + Level 9.6(13.7) Staves
 + Level 9.6(13.7) Slings
 + Level 9.6(13.7) Bows
 + Level 9.6(13.7) Crossbows
 + Level 9.6(13.7) Throwing
 + Level 10.0(14.1) Armour
 + Level 10.6(14.7) Dodging
 + Level 9.6(13.7) Stealth
 + Level 9.6(13.7) Shields
 + Level 9.6(13.7) Unarmed Combat
 + Level 10.8(9.9) Spellcasting
 + Level 8.1(7.3) Conjurations
 + Level 8.1(7.3) Hexes
 + Level 9.8(9.0) Charms
 + Level 8.1(7.3) Summonings
 + Level 8.1(7.3) Necromancy
 + Level 8.1(7.3) Translocations
 + Level 8.1(7.3) Transmutations
 + Level 8.1(7.3) Fire Magic
 + Level 8.1(7.3) Ice Magic
 + Level 8.1(7.3) Air Magic
 + Level 8.1(7.3) Earth Magic
 + Level 8.1(7.3) Poison Magic
 + Level 10.4(9.6) Invocations
 + Level 9.6(8.8) Evocations


You had 22 spell levels left.
You knew the following spells:

 Your Spells              Type           Power        Failure   Level  Hunger
a - Infusion              Chrm           ####         3%          1    None
b - Song of Slaying       Chrm           #####...     5%          2    None
c - Shroud of Golubria    Chrm/Tloc      #####.....   8%          2    None
d - Spectral Weapon       Hex/Chrm       #####...     16%         3    None
e - Regeneration          Chrm/Necr      #####.....   16%         3    None
f - Sticks to Snakes      Tmut           #####...     11%         2    None


Dungeon Overview and Level Annotations

Branches:
Dungeon (14/15)            Temple (0/1) D:4            Lair (6/6) D:9
  Swamp (0/4) Lair:2       Spider (0/4) Lair:2        Slime (0/5) Lair:6
    Orc (0/2) D:9          Vaults (0/5) D:14

Altars:
Ashenzari
Elyvilon
Fedhas
Gozag
Kikubaaqudgha
Okawaru
Qazlal
Sif Muna
Uskayaw
Wu Jian
Xom
Yredelemnul
Zin
The Shining One
Beogh

Shops:
D:4 :

Annotations:
D:14 Agnes


Innate Abilities, Weirdness & Mutations

Your experience applies equally to all skills.
You have very sharp teeth.
Your uncanny sense of smell can sniff out nearby items.


Message History

Confirm with . or Enter, or press ? or * to list all spells.
Okay, then.
Casting: Spectral Weapon
Confirm with . or Enter, or press ? or * to list all spells.
You begin infusing your attacks with magical energy.
Agnes hits you with a lajatang of electrocution.
Unknown command.
Your plate armour prevents you from hitting Agnes.
Your spectral weapon closely misses Agnes.
Agnes hits you with a lajatang of electrocution!
You are electrocuted!
* * * LOW HITPOINT WARNING * * *
Agnes hits you but does no damage.
You gain the combat prowess of a mighty hero.
Agnes hits you with a lajatang of electrocution.
* * * LOW HITPOINT WARNING * * *
You are electrocuted!
* * * LOW HITPOINT WARNING * * *
Agnes hits you with a lajatang of electrocution!
You die...

............#
............#
......(.....#
............#
............#
............#
............#
........(...#
.......Hi@..#
........>...#
.....########
.... ..


You could see Agnes, a hippogriff and a friendly spectral triple sword of Xiov
Geo {freeze, MR+}.

Vanquished Creatures
  4 vault guards (D:14)
  3 catoblepae
  4 hydras
  A centaur warrior (D:13)
  Erica (D:8)
  The ghost of DEFE the Slicer, a journeyman BaAs of Dithmenos (D:9)
  2 death knights (D:14)
  3 two-headed ogres
  8 death yaks
  A deep troll shaman (Lair:6)
  Urug (D:10)
  A tengu warrior (D:13)
  Nergalle (Lair:4)
  The ghost of Ontamu the Cleaver, a novice FoFi of Okawaru (D:7)
  A harpy (shapeshifter) (D:14)
  2 phantasmal warriors (D:14)
  An orc knight (D:13)
  3 ugly things
  A manticore (D:14)
  A deep elf mage (D:14)
  2 cyclopes
  8 elephants (Lair:6)
  3 centaur zombies
  5 spiny frogs
  6 black mambas
  A torpor snail (Lair:3)
  3 gargoyles
  An efreet (D:14)
  7 komodo dragons
  A freezing wraith (D:14)
  A queen bee (Lair:2)
  A tengu conjurer (D:13)
  3 polar bears
  2 trolls
  2 slime creatures (Lair:6)
  18 blink frogs
  7 hippogriffs
  A meliai zombie (D:12)
  A shadow (D:12)
  3 wraiths (D:14)
  2 basilisks (Lair:5)
  34 yaks
  A wyvern (Lair:1)
  3 hungry ghosts
  A steam dragon (D:9)
  5 vampire mosquitoes
  5 insubstantial wisps (Lair:2)
  A soldier ant (shapeshifter) (D:13)
  An acid dragon (D:14)
  2 hell hounds (D:9)
  9 water moccasins
  8 porcupines
  11 orc warriors
  A swamp drake (D:9)
  6 sky beasts
  2 phantoms
  5 ogres
  A black bear (Lair:6)
  3 ice beasts
  A necrophage (D:9)
  16 wolves
  13 centaurs
  12 crocodiles
  A big kobold (D:14)
  28 bullfrogs
  3 scorpions
  11 wights
  25 killer bees
  3 howler monkeys
  3 electric eels
  11 crimson imps
  2 bullfrog zombies
  7 hounds
  6 jellies
  2 quasits (D:12)
  13 orc priests
  4 bullfrog skeletons
  2 centaur skeletons
  6 iguanas
  Ijyb (D:3)
  5 orc wizards
  8 worker ants
  2 hell rats (Lair:2)
  2 hound zombies
  A hound skeleton (D:5)
  A worker ant zombie (D:7)
  6 gnolls
  10 adders
  12 river rats
  2 shadow imps
  2 adder skeletons (D:4)
  2 adder zombies
  3 worms
  A dart slug (D:2)
  6 leopard geckos
  74 orcs
  5 ball pythons
  7 giant cockroaches
  9 goblins
  8 hobgoblins
  3 quokkas
  7 bats
  12 frilled lizards
  15 kobolds
  A quokka skeleton (D:5)
  9 rats
601 creatures vanquished.

Vanquished Creatures (others)
  A yak (Lair:2)
  A steam dragon (D:10)
  A bullfrog (D:10)
  An orc priest (D:10)
  An orc wizard (D:9)
  A bush (Lair:2)
  9 fungi
  12 plants
  2 spectral weapons
29 creatures vanquished.

Grand Total: 630 creatures vanquished

Notes
Turn   | Place    | Note
-------+----------+-------------------------------------------
     0 | D:1      | ohad the Gnoll Skald began the quest for the Orb.
     0 | D:1      | Reached XP level 1. HP: 20/20 MP: 6/6
   151 | D:1      | Reached XP level 2. HP: 24/26 MP: 7/7
   176 | D:1      | Learned a level 2 spell: Song of Slaying
   179 | D:1      | Learned a level 2 spell: Shroud of Golubria
   599 | D:2      | Reached XP level 3. HP: 25/31 MP: 9/9
   668 | D:2      | Noticed an angel
   669 | D:2      | Reached skill level 5 in Spellcasting
   676 | D:2      | Found a glowing silver altar of Zin.
   692 | D:2      | Reached skill level 1 in Invocations
   695 | D:2      | Reached skill level 1 in Short Blades
   695 | D:2      | Reached skill level 1 in Long Blades
   695 | D:2      | Reached skill level 1 in Axes
   695 | D:2      | Reached skill level 1 in Maces & Flails
   695 | D:2      | Reached skill level 1 in Staves
   695 | D:2      | Reached skill level 1 in Slings
   695 | D:2      | Reached skill level 1 in Bows
   695 | D:2      | Reached skill level 1 in Crossbows
   695 | D:2      | Reached skill level 1 in Throwing
   695 | D:2      | Reached skill level 1 in Stealth
   695 | D:2      | Reached skill level 1 in Shields
   695 | D:2      | Reached skill level 1 in Unarmed Combat
   695 | D:2      | Reached skill level 1 in Evocations
   695 | D:2      | Reached XP level 4. HP: 34/38 MP: 0/11
   716 | D:2      | Found a shimmering altar of Xom.
   779 | D:2      | Found an iron altar of Okawaru.
   857 | D:2      | Became a worshipper of Warmaster Okawaru
  1109 | D:2      | Reached skill level 1 in Conjurations
  1109 | D:2      | Reached skill level 1 in Hexes
  1109 | D:2      | Reached skill level 1 in Summonings
  1109 | D:2      | Reached skill level 1 in Necromancy
  1109 | D:2      | Reached skill level 1 in Translocations
  1109 | D:2      | Reached skill level 1 in Transmutations
  1109 | D:2      | Reached skill level 1 in Fire Magic
  1109 | D:2      | Reached skill level 1 in Ice Magic
  1109 | D:2      | Reached skill level 1 in Air Magic
  1109 | D:2      | Reached skill level 1 in Earth Magic
  1109 | D:2      | Reached skill level 1 in Poison Magic
  1451 | D:3      | Noticed Ijyb
  1544 | D:3      | Reached XP level 5. HP: 43/43 MP: 12/12
  1992 | D:3      | Killed Ijyb
  2161 | D:3      | Found a deep blue altar of Sif Muna.
  2468 | D:4      | Found Firoette's Book Shop.
  2584 | D:4      | Reached XP level 6. HP: 33/50 MP: 10/13
  2828 | D:4      | Found a staircase to the Ecumenical Temple.
  3194 | D:4      | Reached * piety under Okawaru
  3302 | D:4      | Reached skill level 5 in Fighting
  3302 | D:4      | Reached skill level 5 in Polearms
  3302 | D:4      | Reached skill level 5 in Dodging
  3809 | D:5      | Entered Level 5 of the Dungeon
  3924 | D:5      | Learned a level 3 spell: Spectral Weapon
  3928 | D:5      | Learned a level 3 spell: Regeneration
  4028 | D:5      | Learned a level 2 spell: Sticks to Snakes
  4228 | D:5      | Reached XP level 7. HP: 43/56 MP: 7/15
  4698 | D:5      | Found a hide-covered altar of Uskayaw.
  4713 | D:5      | Reached ** piety under Okawaru
  4821 | D:5      | Reached XP level 8. HP: 56/63 MP: 9/16
  4825 | D:5      | Found an ornate altar of the Wu Jian Council.
  5266 | D:5      | Found an iron altar of Okawaru.
  5406 | D:6      | Found a shattered altar of Ashenzari.
  5665 | D:6      | Found a glowing drain.
  5682 | Sewer    | Entered a sewer
  6362 | D:6      | Reached *** piety under Okawaru
  6450 | D:6      | Found a white marble altar of Elyvilon.
  6454 | D:6      | Found a glowing golden altar of the Shining One.
  6560 | D:6      | Found a basalt altar of Yredelemnul.
  6647 | D:7      | Found a white marble altar of Elyvilon.
  6651 | D:7      | Reached XP level 9. HP: 28/69 MP: 12/18
  6712 | D:7      | Noticed Ontamu's ghost (novice FoFi)
  7223 | D:6      | Upgraded the game from 0.21-a0-414-gba8bdf1 to 0.21-a0-417-g0adc95b
  7617 | D:7      | Killed Ontamu's ghost
  7617 | D:7      | Reached **** piety under Okawaru
  7617 | D:7      | Reached skill level 5 in Armour
  8257 | D:8      | Reached skill level 5 in Invocations
  8366 | D:8      | Found a blossoming altar of Fedhas.
  8367 | D:8      | Found an ancient bone altar of Kikubaaqudgha.
  8367 | D:8      | Noticed Erica
  8401 | D:8      | Killed Erica
  8401 | D:8      | Reached XP level 10. HP: 32/77 MP: 18/20
  8633 | D:8      | Identified the Handbook of Orientation
  8658 | D:8      | Reached skill level 5 in Short Blades
  8658 | D:8      | Reached skill level 5 in Long Blades
  8658 | D:8      | Reached skill level 5 in Axes
  8658 | D:8      | Reached skill level 5 in Maces & Flails
  8658 | D:8      | Reached skill level 5 in Staves
  8658 | D:8      | Reached skill level 5 in Slings
  8658 | D:8      | Reached skill level 5 in Bows
  8658 | D:8      | Reached skill level 5 in Crossbows
  8658 | D:8      | Reached skill level 5 in Throwing
  8658 | D:8      | Reached skill level 5 in Stealth
  8658 | D:8      | Reached skill level 5 in Shields
  8658 | D:8      | Reached skill level 5 in Unarmed Combat
  8658 | D:8      | Reached skill level 5 in Evocations
  8896 | D:8      | Found an opulent altar of Gozag.
  9103 | D:8      | Reached ***** piety under Okawaru
  9567 | D:9      | Found a staircase to the Lair.
  9567 | D:9      | Noticed DEFE's ghost (journeyman BaAs)
  9591 | D:9      | Killed DEFE's ghost
  9867 | Lair:1   | Entered Level 1 of the Lair of Beasts
  9867 | Lair:1   | Noticed a black mamba
  9884 | Lair:1   | Killed a black mamba
 10602 | Lair:1   | Noticed a spiny frog
 10607 | Lair:1   | Killed a spiny frog
 10610 | Lair:1   | Received a gift from Okawaru
 10613 | Lair:1   | Got a brightly glowing fustibalus {god gift}
 10615 | Lair:1   | Identified the +3 fustibalus of the Illusory Lies {flame, Int+6 SInv} (Okawaru gifted it to you on level 1 of the Lair of Beasts)
 10639 | Lair:1   | Reached XP level 11. HP: 78/84 MP: 22/22
 11366 | Lair:1   | Reached skill level 5 in Conjurations
 11366 | Lair:1   | Reached skill level 5 in Hexes
 11366 | Lair:1   | Reached skill level 5 in Summonings
 11366 | Lair:1   | Reached skill level 5 in Necromancy
 11366 | Lair:1   | Reached skill level 5 in Translocations
 11366 | Lair:1   | Reached skill level 5 in Transmutations
 11366 | Lair:1   | Reached skill level 5 in Fire Magic
 11366 | Lair:1   | Reached skill level 5 in Ice Magic
 11366 | Lair:1   | Reached skill level 5 in Air Magic
 11366 | Lair:1   | Reached skill level 5 in Earth Magic
 11366 | Lair:1   | Reached skill level 5 in Poison Magic
 12995 | D:9      | Received a gift from Okawaru
 13611 | D:9      | Found a staircase to the Orcish Mines.
 13980 | D:10     | Entered Level 10 of the Dungeon
 14099 | D:10     | Received a gift from Okawaru
 14105 | D:10     | Got a crude glaive {god gift}
 14107 | D:10     | Identified the +6 glaive of Objectivity {distort, rF+ Int-2 Dex+5} (Okawaru gifted it to you on level 10 of the Dungeon)
 14528 | D:10     | Identified the Collected Works on Slavery and Fire
 14770 | D:10     | Noticed Urug
 14777 | D:10     | Killed Urug
 15661 | Lair:2   | Reached XP level 12. HP: 78/93 MP: 16/24
 15750 | Lair:2   | Received a gift from Okawaru
 16029 | Lair:2   | Cast into level 3 of the Abyss (a distortion unwield)
 16056 | Lair:2   | Escaped the Abyss
 16305 | Lair:2   | Found a staircase to the Swamp.
 16639 | Lair:2   | Found a hole to the Spider Nest.
 17715 | Lair:3   | Received a gift from Okawaru
 17956 | Lair:3   | Found a stormy altar of Qazlal.
 18266 | Lair:4   | Noticed a death yak
 18320 | Lair:3   | Killed a death yak
 18399 | Lair:4   | Noticed a death yak
 18474 | Lair:4   | Killed a death yak
 18474 | Lair:4   | Received a gift from Okawaru
 18707 | Lair:4   | Noticed Nergalle
 18719 | Lair:4   | Killed Nergalle
 18740 | Lair:4   | Reached XP level 13. HP: 92/101 MP: 26/26
 19035 | Lair:4   | HP: 1/101 [electric eel/bolt of electricity (11)]
 21082 | Lair:6   | Entered Level 6 of the Lair of Beasts
 21098 | Lair:6   | Received a gift from Okawaru
 21464 | Lair:6   | Reached ****** piety under Okawaru
 22011 | Lair:6   | Received a gift from Okawaru
 22057 | Lair:6   | Received a gift from Okawaru
 22064 | Lair:6   | Received a gift from Okawaru
 22406 | Lair:6   | Reached skill level 10 in Spellcasting
 22426 | Lair:6   | Reached XP level 14. HP: 92/109 MP: 28/28
 22627 | Lair:6   | Found a staircase to the Slime Pits.
 22974 | Lair:6   | Got a fine hand crossbow
 22975 | Lair:6   | Identified the +7 hand crossbow "Gnoll's Bane" {flame, rC+} (You found it on level 6 of the Lair of Beasts)
 23512 | D:11     | Received a gift from Okawaru
 23532 | D:11     | Got a pitted triple sword {god gift}
 23533 | D:11     | Identified the +10 triple sword of Xiov Geo {freeze, MR+} (Okawaru gifted it to you on level 11 of the Dungeon)
 23765 | D:11     | Reached skill level 10 in Fighting
 23765 | D:11     | Reached skill level 10 in Polearms
 23765 | D:11     | Reached skill level 10 in Dodging
 24836 | D:13     | Received a gift from Okawaru
 24850 | D:13     | Reached skill level 10 in Invocations
 25577 | D:13     | Found a roughly hewn altar of Beogh.
 26671 | D:14     | Received a gift from Okawaru
 26687 | D:14     | Reached XP level 15. HP: 35/117 MP: 20/29
 26692 | D:14     | Received a gift from Okawaru
 26956 | D:14     | Found a gate to the Vaults.
 27075 | D:14     | Noticed Agnes
 27080 | D:14     | HP: 5/117 [Agnes/lajatang of electrocution (9)]
 27115 | D:14     | Reached skill level 10 in Armour
 27199 | D:14     | Slain by Agnes

Vault maps used:
D:1:      grunt_arrival_lava_bath
D:2:      grunt_temple_overflow_order_and_chaos_1, marbit_many_paths,
          dk_vineyard_3
D:3:      old_standard_altar, glass_columns_b, uniq_ijyb
D:4:      minmay_temple_entry_hall, serial_shops, shop,
          kennysheep_generic_room_13
D:5:      eat_drink_and_be_merry_uskayaw, lemuel_crystal_altar, first_bread,
          okawaru_altar_gauntlet_db
D:6:      lemuel_coloured_pillars_altar, kennysheep_mini_moat,
          grunt_temple_overflow_open, cheibrodos_sewer_entry_drain,
          lightli_minifort
D:7:      nicolae_ossuary_entry_false_entrances, basic_altar
D:8:      grunt_temple_overflow_growth_and_decay, grunt_gozag_statues,
          uniq_erica
D:9:      minmay_lair_entry_lava, erik_orc_1
D:10:     uniq_urug
D:13:     special_room
D:14:     lightli_vaults_fourway_checkpoint, basic_altar,
          minmay_misc_feat_four_crosses, uniq_agnes
Lair:1:   lab_entry_generic
Lair:2:   minmay_swamp_entry_wisps, dummy_spider_entry, special_room,
          kennysheep_rathole
Lair:3:   basic_altar
Lair:4:   serial_bayou_ford_a, serial_bayou_shore_a, grunt_megastairs_3,
          uniq_nergalle
Lair:6:   grunt_lair_end_beastmaster, minmay_slime_entry_pillars,
          serial_bayou_shore_b, grunt_megastairs_2
Abyss:3:  dshaligram_kb_abyss_rune_zappy_water_cross, hangedman_abyss_sting
Sewer:    sewer_co_cracked_pipes

Skill      XL: |  1  2  3  4  5  6  7  8  9 10 11 12 13 14 15 |
---------------+----------------------------------------------+-----
Spellcasting   | 5 6 7 8 9 10 | 10.8
Invocations    | 1 2 3 4 5 6 7 8 9 10 | 10.4
Short Blades   | 1 2 3 4 5 6 7 8 9 |  9.6
Long Blades    | 1 2 3 4 5 6 7 8 9 |  9.6
Axes           | 1 2 3 4 5 6 7 8 9 |  9.6
Maces & Flails | 1 2 3 4 5 6 7 8 9 |  9.6
Staves         | 1 2 3 4 5 6 7 8 9 |  9.6
Slings         | 1 2 3 4 5 6 7 8 9 |  9.6
Bows           | 1 2 3 4 5 6 7 8 9 |  9.6
Crossbows      | 1 2 3 4 5 6 7 8 9 |  9.6
Throwing       | 1 2 3 4 5 6 7 8 9 |  9.6
Stealth        | 1 2 3 4 5 6 7 8 9 |  9.6
Shields        | 1 2 3 4 5 6 7 8 9 |  9.6
Unarmed Combat | 1 2 3 4 5 6 7 8 9 |  9.6
Evocations     | 1 2 3 4 5 6 7 8 9 |  9.6
Conjurations   | 1 2 3 4 5 6 7 8 |  8.1
Hexes          | 1 2 3 4 5 6 7 8 |  8.1
Summonings     | 1 2 3 4 5 6 7 8 |  8.1
Necromancy     | 1 2 3 4 5 6 7 8 |  8.1
Translocations | 1 2 3 4 5 6 7 8 |  8.1
Transmutations | 1 2 3 4 5 6 7 8 |  8.1
Fire Magic     | 1 2 3 4 5 6 7 8 |  8.1
Ice Magic      | 1 2 3 4 5 6 7 8 |  8.1
Air Magic      | 1 2 3 4 5 6 7 8 |  8.1
Earth Magic    | 1 2 3 4 5 6 7 8 |  8.1
Poison Magic   | 1 2 3 4 5 6 7 8 |  8.1
Armour         | 3 4 5 6 7 8 9 10 | 10.0
Fighting       | 5 6 7 8 9 10 | 10.6
Polearms       | 5 6 7 8 9 10 | 10.6
Dodging        | 5 6 7 8 9 10 | 10.6
Charms         | 6 7 8 9 |  9.8

Action                   |  1- 3 |  4- 6 |  7- 9 | 10-12 | 13-15 || total
-------------------------+-------+-------+-------+-------+-------++-------
Melee: Spear             |   105 |   203 |       |       |       ||   308
       Bite              |    10 |    42 |    50 |   110 |   130 ||   342
       Trident           |       |   107 |   272 |       |       ||   379
       Punch             |       |       |    10 |     1 |       ||    11
       Morningstar       |       |       |     5 |       |       ||     5
       Halberd           |       |       |   130 |   503 |       ||   633
       Glaive            |       |       |       |   139 |       ||   139
       Demon trident     |       |       |       |   377 |   529 ||   906
       Scimitar          |       |       |       |       |    22 ||    22
       Triple sword      |       |       |       |       |   298 ||   298
       Great sword       |       |       |       |       |    47 ||    47
 Fire: Hunting sling     |       |       |     4 |       |       ||     4
       Fustibalus        |       |       |       |     7 |       ||     7
       Hand crossbow     |       |       |       |       |    31 ||    31
Throw: Javelin           |       |       |       |       |     2 ||     2
 Cast: Infusion          |     1 |     8 |     3 |     2 |     9 ||    23
       Shroud of Golubri |     1 |     1 |     2 |       |       ||     4
       Spectral Weapon   |       |     2 |    17 |     4 |     5 ||    28
       Regeneration      |       |       |       |       |     4 ||     4
Invok: Heroism           |       |       |     5 |    18 |    11 ||    34
       Finesse           |       |       |       |       |     1 ||     1
  Use: Scroll            |       |     6 |     7 |    12 |     8 ||    33
       Potion            |       |     1 |     3 |     5 |     4 ||    13
 Stab: Sleeping          |       |     1 |     1 |       |       ||     2
       Distracted        |       |     1 |       |     1 |       ||     2
       Petrified         |       |       |       |       |     1 ||     1
  Eat: Chunk             |       |    15 |    21 |    35 |    36 ||   107
       Royal jelly       |       |     1 |       |       |       ||     1
Armor: Ring mail         |    21 |    43 |       |       |       ||    64
       Scale mail        |       |    42 |    89 |       |       ||   131
       Plate armour      |       |       |    84 |   570 |   554 ||  1208
       Chain mail        |       |       |       |    99 |       ||    99
Dodge: Dodged            |    56 |   143 |   259 |   463 |   292 ||  1213
Block: Large shield      |       |       |       |   244 |   339 ||   583
       Rpst.: Scimitar   |       |       |       |       |     1 ||     1
       Triple sword      |       |       |       |       |    54 ||    54
       Great sword       |       |       |       |       |     4 ||     4

Table legend:
 A = Spawn XP
 B = Non-spawn XP
 C = Spawn XP percentage of total XP
 D = Spawn monster count
 E = Non-spawn monster count
 F = Spawn count percentage of total count
 G = Total turns spent on level
                    A         B        C        D         E        F      G
               +---------+---------+-------+---------+---------+-------+---------
         Total |       0 |   91175 |   0.0 |       0 |     606 |   0.0 | 27199
               +---------+---------+-------+---------+---------+-------+---------
           D:1 |       0 |      30 |   0.0 |       0 |      17 |   0.0 |   590
           D:2 |       0 |     129 |   0.0 |       0 |      30 |   0.0 |   965
           D:3 |       0 |      82 |   0.0 |       0 |      20 |   0.0 |   945
           D:4 |       0 |     221 |   0.0 |       0 |      14 |   0.0 |  1309
           D:5 |       0 |     877 |   0.0 |       0 |      37 |   0.0 |  1578
           D:6 |       0 |    1021 |   0.0 |       0 |      25 |   0.0 |  1657
           D:7 |       0 |    1699 |   0.0 |       0 |      19 |   0.0 |   747
           D:8 |       0 |    1884 |   0.0 |       0 |      25 |   0.0 |  1577
           D:9 |       0 |    4062 |   0.0 |       0 |      51 |   0.0 |  2322
          D:10 |       0 |    2426 |   0.0 |       0 |      30 |   0.0 |  1648
          D:11 |       0 |    3366 |   0.0 |       0 |      18 |   0.0 |   634
          D:12 |       0 |    7915 |   0.0 |       0 |      34 |   0.0 |   921
          D:13 |       0 |    8376 |   0.0 |       0 |      50 |   0.0 |  1153
          D:14 |       0 |   14010 |   0.0 |       0 |      33 |   0.0 |  1228
        Lair:1 |       0 |    5026 |   0.0 |       0 |      20 |   0.0 |  1889
        Lair:2 |       0 |    7996 |   0.0 |       0 |      62 |   0.0 |  1929
        Lair:3 |       0 |    4790 |   0.0 |       0 |      22 |   0.0 |  1378
        Lair:4 |       0 |    6158 |   0.0 |       0 |      22 |   0.0 |  1580
        Lair:5 |       0 |    3040 |   0.0 |       0 |      14 |   0.0 |   884
        Lair:6 |       0 |   18004 |   0.0 |       0 |      48 |   0.0 |  1777
         Sewer |       0 |      63 |   0.0 |       0 |      15 |   0.0 |   461
               +---------+---------+-------+---------+---------+-------+---------
